 Dungeon Crawl Stone Soup version 0.26-a0-651-gb41185065b (webtiles) character file.

Game seed: 10030696450386158312

84 nicanaca0 the Digger (level 4, 21/24 HPs)
             Began as a Gargoyle Earth Elementalist on Oct 1, 2020.
             Quit the game on level 2 of the Dungeon on Oct 4, 2020.
             The game lasted 00:07:19 (2054 turns).

nicanaca0 the Digger (Gargoyle Earth Elementalist)  Turns: 2054, Time: 00:07:19

Health: 21/24      AC:  5    Str: 12    XL:     4   Next: 45%
Magic:  6/8        EV: 12    Int: 16    God:
Gold:   73         SH:  0    Dex: 10    Spells: 8/9 levels left

rFire    . . .     SeeInvis .   f - +0 spear
rCold    . . .     Faith    .   (no shield)
rNeg     + . .     Spirit   .   c - +0 robe
rPois    ∞         Reflect  .   (no helmet)
rElec    +         Harm     .   (no cloak)
rCorr    .         Rampage  .   (no gloves)
MR       .....                  (no boots)
Stlth    ++........             (no amulet)
HPRegen  0.08/turn              (no ring)
MPRegen  0.11/turn              (no ring)

@: very slightly contaminated
A: negative energy resistance 1, electricity resistance, unbreathing,
petrification resistance, rot immunity, AC +3
a: no special abilities


You were on level 2 of the Dungeon.
You visited 1 branch of the dungeon, and saw 2 of its levels.

You collected 73 gold pieces.

Inventory:

Hand Weapons
 f - a +0 spear (weapon)
Missiles
 b - 63 stones (quivered)
 e - 2 javelins
 j - 14 poisoned darts
Armour
 c - a +0 robe (worn)
 i - a scarf of repulsion
Jewellery
 h - an uncursed amulet of the acrobat {unknown}
Scrolls
 a - 2 scrolls of teleportation {unknown}
 d - a scroll of remove curse {unknown}
 g - 3 scrolls of identify {unknown}
 k - a scroll of random uselessness {unknown}


   Skills:
 - Level 1.7 Dodging
 - Level 2.4 Stealth
 * Level 3.1 Spellcasting
   Level 0.7 Transmutations
 * Level 4.9 Earth Magic


You had 8 spell levels left.
You knew the following spells:

 Your Spells              Type           Power        Failure   Level
a - Sandblast             Erth           ###...       2%          1

Your spell library contained the following spells:

 Spells                   Type           Power        Failure   Level
 Passwall                 Tmut/Erth      ##......     9%          2
 Stone Arrow              Conj/Erth      ##....       21%         3
 Petrify                  Tmut/Erth      ##......     50%         4
 Lee's Rapid Deconstruct  Erth           ###.......   54%         5


Dungeon Overview and Level Annotations

Branches:
Dungeon (2/15)

Altars:
Nemelex Xobeh


Innate Abilities, Weirdness & Mutations

You are resistant to torment.
Your stone body is resilient. (AC +3)
You are immune to poison.
You resist negative energy. (rN+)
You are resistant to electric shocks. (rElec)
You can survive without breathing.
You are immune to petrification.
You are immune to rotting.


Message History

Aim: an adder (almost dead)
You miscast Sandblast.
Nothing appears to happen.
The adder bites you.
You hit the adder but do no damage.
The adder is almost dead.
The adder bites you. x2
You completely miss the adder.
The adder is almost dead.
The adder bites you but does no damage.
You hit the adder.
You kill the adder!
Unknown command.
Unknown command.
Okay, then.
Casting: Sandblast (safe; 2% risk of failure)
Confirm with . or Enter, or press ? or * to list all spells.
Okay, then.
Saving game... please wait.
Welcome back, nicanaca0 the Gargoyle Earth Elementalist.
Press ? for a list of commands and other information.
Are you sure you want to abandon this character and quit the game? (Confirm with "yes".)

#.# #.# #.# #.# #.#
### #.#
..############.# #
...............###.#
......#########.@..#
......# #.####
......# #.......#
......# #####.###
......# #. ......# #
......#


There were no monsters in sight!

Vanquished Creatures
  Natasha (D:2)
  An adder (D:2)
  A leopard gecko (D:1)
  2 giant cockroaches
  8 goblins
  11 hobgoblins (D:1)
  4 jackals (D:1)
  8 bats
  3 frilled lizards (D:1)
  5 kobolds
  3 rats (D:1)
47 creatures vanquished.

Notes
Turn   | Place    | Note
-------+----------+-------------------------------------------
     0 | D:1      | nicanaca0 the Gargoyle Earth Elementalist began the quest
                  | for the Orb.
     0 | D:1      | Reached XP level 1. HP: 10/10 MP: 3/3
   202 | D:1      | Reached XP level 2. HP: 15/15 MP: 1/5
   537 | D:1      | Reached skill level 4 in Earth Magic
   809 | D:1      | Found a sparkling altar of Nemelex Xobeh.
   890 | D:1      | Reached XP level 3. HP: 19/19 MP: 4/6
  1880 | D:2      | Noticed Natasha
  1950 | D:2      | Killed Natasha
  1950 | D:2      | Reached XP level 4. HP: 24/24 MP: 5/8
  2054 | D:2      | Quit the game

Illustrated notes

Levels and vault maps discovered:
D:1:      evilmike_arrival_hilbert_curve, layout_basic,
          nemelex_diamond_rough_becter
D:2:      layout_basic, minmay_misc_feat_rugged, dk_noncrumbling_3, uniq_robin,
          uniq_natasha

Skill      XL: |  1  2  3 |
---------------+----------+-----
Earth Magic    | 4 |  4.9
Spellcasting   | 3 |  3.1
Dodging        | |  1.7
Stealth        | |  2.4
Transmutations | |  0.7

Action                   |  1- 3 |  4- 6 || total
-------------------------+-------+-------++-------
Melee: Unarmed           |    13 |       ||    13
       Spear             |    63 |     4 ||    67
Throw: Stone             |     2 |       ||     2
 Cast: Sandblast         |    45 |     3 ||    48
 Stab: Sleeping          |     3 |       ||     3
Armor: Robe              |    28 |     2 ||    30
Dodge: Dodged            |    69 |     3 ||    72

Table legend: (Time is in decaauts)
 A = Elapsed time spent in this place.
 B = Non-inter-level travel time spent in this place.
 C = Inter-level travel time spent in this place.
 D = Time resting spent in this place.
 E = Time spent auto-exploring this place.
 F = Levels seen in this place.
 G = Mean time per level.
                   A        B        C        D        E       F      G
               +--------+--------+--------+--------+--------+-----+--------+
         Total |   2060 |   2050 |     10 |     59 |   1424 |   2 | 1030.0 |
       Dungeon |   2060 |   2050 |     10 |     59 |   1424 |   2 | 1030.0 |
               +--------+--------+--------+--------+--------+-----+--------+

Top non-repeatable levels by time:
     D:1: 1589 daAuts
     D:2: 470 daAuts
